 Dungeon Crawl Stone Soup version 0.29.1-12-g30fa7ad0bf (webtiles) character file.

Game seed: 4461403313531626486

46 hawla the Firebug (level 4, -3/33 HPs)
             Began as a Meteoran Fire Elementalist on Jan 12, 2023.
             Shot with an arrow by a centaur (14 damage)
             ... on level 7 of the Dungeon.
             The game lasted 00:02:35 (452 turns).

hawla the Firebug (Meteoran Fire Elementalist)       Turns: 452, Time: 00:02:36

Health: -3/33      AC:  2    Str: 10    XL:     4   Next: 13%
Magic:  9/9        EV: 12    Int: 18    God:
Gold:   156        SH:  0    Dex: 14    Spells: 1/8 levels left

rFire   . . .      SeeInvis .   e - staff of air
rCold   . . .      Faith    .   (no shield)
rNeg    . . .      Spirit   .   a - +0 robe
rPois   .          Reflect  .   (no helmet)
rElec   +          Harm     .   (no cloak)
rCorr   .          Rampage  .   (no gloves)
Will    .....                   (no boots)
Stlth   +.........              c - amulet of regeneration
HPRegen 0.91/turn               (no ring)
MPRegen 0.11/turn               (no ring)

@: glowing
A: sense surroundings 1, otherworldly, glowing, explore regen
a: no special abilities


You were on level 7 of the Dungeon.
You visited 1 branch of the dungeon, and saw 5 of its levels.

You collected 156 gold pieces.

Inventory:

Armour
 a - a +0 robe (worn)
Magical Staves
 e - a staff of air (weapon)
Jewellery
 c - an amulet of regeneration (around neck)
Scrolls
 f - a scroll of vulnerability {unknown}
 i - a scroll of fear {unknown}
 j - a scroll of poison {unknown}
 k - a scroll of immolation {unknown}
 l - a scroll of blinking {unknown}
Potions
 b - a potion of magic
 d - a potion of mutation {unknown}
 g - a potion of degeneration {unknown}
 h - a potion of resistance {unknown}


   Skills:
 - Level 2.4 Dodging
 - Level 1.4 Stealth
 - Level 2.6 Spellcasting
 - Level 1.2 Conjurations
 - Level 3.7 Fire Magic
 + Level 2.5 Air Magic
 + Level 2.5 Evocations


You had one spell level left.
You knew the following spells:

 Your Spells              Type           Power      Damage    Failure   Level
a - Foxfire               Conj/Fire      44%        2x1d6     6%          1
b - Scorch                Fire           30%        2d6       5%          2
c - Flame Wave            Conj/Fire      11%        2d6       52%         4

Your spell library contained the following spells:

 Spells                   Type           Power      Damage    Failure   Level
 Conjure Flame            Conj/Fire      11%        6-21      19%         3
 Inner Flame              Hex/Fire       9%         N/A       24%         3


Dungeon Overview and Level Annotations

Branches:
Dungeon (7/15) Zot: 2546
 Temple: D:4-7

Altars:
Nemelex Xobeh


Innate Abilities, Weirdness & Mutations

You passively map a small area around you.
You are easily found by Zot.
You glow in the dark.
You regain HP and MP as you explore.


Message History

This spell is astonishingly dangerous to cast!
Memorise Flame Wave, consuming 4 spell levels and leaving 1?
Your foxfire dissipates!
You start memorising the spell.
You continue memorising. x4
You finish memorising.
Spell assigned to 'c'.
HP restored.
You now have 121 gold pieces (gained 16).
You now have 134 gold pieces (gained 13).
Magic restored.
You now have 136 gold pieces (gained 2).
You now have 149 gold pieces (gained 13).
An orc comes into view. It is wielding a +0 hand axe.
An orc is nearby!
Casting: Foxfire (safe; 6% risk of failure)
Confirm with . or Enter, or press ? or * to list all spells.
You conjure some foxfire!
The foxfire hits the orc.
The orc is moderately wounded.
The foxfire hits the orc.
You kill the orc!
You see here a +0 hand axe.
l - a scroll labelled BYLASTOHYT A sourceless malevolence fills the Dungeon...
You fall into a shaft and drop 3 floors!
The shaft crumbles and collapses.
Found 7 gold pieces.
Found a stone staircase leading down.
You now have 156 gold pieces (gained 7).
Found a ring mail.
Found 5 stones.
Found a stone staircase leading down.
There is a stone staircase leading down here.
A centaur comes into view.
Found a helmet.
The centaur shouts!
The centaur wields a +0 shortbow.
The centaur shoots an arrow.
The arrow hits you!
You see here a scroll labelled VASARA WUBE.
The centaur shoots an arrow.
The arrow hits you!
The centaur shoots an arrow.
The arrow hits you!
You die...

..... , ,.....
, ..... , ,
########...# *
, ***
#......#...##.,
,
#.............
, ,*
#........c....
,
#....?@.......
#.............
*###.####[.###.
* * ,
##.####### *
#......... , ,
, , #.........,
,, , ,
#......... , ,
, #......... ,,
, #......... ,


You could see a centaur.

Vanquished Creatures
  A hound (D:4)
  An orc (D:4)
  2 endoplasms
  A giant cockroach (D:2)
  3 goblins
  2 jackals (D:2)
  A ball python (D:3)
  A bat (D:2)
  3 kobolds
  A rat (D:2)
16 creatures vanquished.

Vanquished Creatures (others)
  45 foxfires
45 creatures vanquished.

Grand Total: 61 creatures vanquished

Notes
Turn   | Place    | Note
-------+----------+-------------------------------------------
     0 | D:1      | hawla the Meteoran Fire Elementalist began the quest for
                  | the Orb.
     0 | D:1      | Reached XP level 1. HP: 14/14 MP: 5/5
   124 | D:2      | Reached XP level 2. HP: 15/20 MP: 2/6
   127 | D:2      | Learned a level 2 spell: Scorch
   134 | D:2      | Reached skill level 1 in Air Magic
   134 | D:2      | Reached skill level 1 in Evocations
   260 | D:3      | Found a sparkling altar of Nemelex Xobeh.
   357 | D:4      | Noticed a hound
   364 | D:4      | Killed a hound
   365 | D:4      | Reached XP level 3. HP: 20/26 MP: 0/8
   365 | D:4      | Reached XP level 4. HP: 26/33 MP: 0/9
   370 | D:4      | Learned a level 4 spell: Flame Wave
   419 | D:4      | You fall into a shaft and drop 3 floors!
   449 | D:7      | Noticed a centaur
   452 | D:7      | Shot with an arrow by a centaur

Illustrated notes

Levels and vault maps discovered:
D:1:      mainiacjoe_arrival_reflecting_pool, layout_basic,
          ebering_ecumenical_altar_rust, minmay_misc_feat_room,
          nrook_mini_backslash
D:2:      layout_loops_ring, minmay_rat_gold_closets
D:3:      layout_loops_corners, nicolae_ashenzari_skybound,
          mainiacjoe_overflow_chevrons
D:4:      layout_basic, trog_antimagical, kennysheep_mini,
          overflow_temple_1_default
D:7:      layout_gridville

Skill      XL: |  1  2 |
---------------+-------+-----
Air Magic      | 2 |  2.5
Evocations     | 2 |  2.5
Dodging        | |  2.4
Stealth        | |  1.4
Spellcasting   | |  2.6
Conjurations   | |  1.2
Fire Magic     | |  3.7

Action                   |  1- 3 |  4- 6 || total
-------------------------+-------+-------++-------
Melee: Staff             |     8 |       ||     8
 Cast: Foxfire           |    25 |     1 ||    26
       Scorch            |     3 |       ||     3
Armor: Robe              |     5 |       ||     5
Dodge: Dodged            |     6 |       ||     6
